[Event "ICC tourney 2532 (25 5)"]
[Site "Internet Chess Club"]
[Date "2021.04.25"]
[Round "8"]
[White "ELLIS, PRESTON:K12-16267430"]
[Black "SHAHIR, PRATYUSH:K12-15111678"]
[Result "0-1"]
[ICCResult "White checkmated"]
[WhiteElo "733"]
[BlackElo "1295"]
[Opening "Sicilian"]
[ECO "B50"]
[NIC "SI.01"]
[Time "17:02:06"]
[PlyCount "46"]
[TimeControl "1500+5"]

1. e4 c5 2. Nf3 d6 3. Nc3 Nf6 4. Bc4 e6 5. d3 a6 6. Be3 b5 7. Bb3 Nc6 8. a3
d5 9. O-O d4 10. Bg5 dxc3 11. e5 h6 12. exf6 hxg5 13. fxg7 Bxg7 14. bxc3
Bxc3 15. Rb1 g4 16. Ne1 Qh4 17. h3 gxh3 18. Nf3 Qg4 19. g3 Bb7 20. Nh2 Qg6
21. Qf3 Na5 22. Qe3 Bd4 23. Qe2 Qxg3# { White checkmated } 0-1

[Event "ICC tourney 2532 (25 5)"]
[Site "Internet Chess Club"]
[Date "2021.04.25"]
[Round "8"]
[White "BAKER NAGAR, SIKANDER:K12-16973491"]
[Black "S LALWANI, JAY:K12-14566972"]
[Result "0-1"]
[ICCResult "White resigns"]
[WhiteElo "1383"]
[BlackElo "1903"]
[Opening "Sicilian: Najdorf, 6.Bg5"]
[ECO "B94"]
[NIC "SI.04"]
[Time "17:00:12"]
[PlyCount "46"]
[TimeControl "1500+5"]

1. e4 c5 2. Nf3 d6 3. d4 cxd4 4. Nxd4 Nf6 5. Nc3 a6 6. Bg5 Nbd7 7. f4 Qc7
8. Qf3 h6 9. Bh4 g5 10. fxg5 hxg5 11. Bxg5 Qc5 12. Bxf6 Nxf6 13. O-O-O Bg4
14. Qd3 Bxd1 15. Qxd1 Bh6+ 16. Kb1 b5 17. Nb3 Qa7 18. Be2 b4 19. Nd5 Nxe4
20. Bf3 Nf2 21. Qe2 Nxh1 22. Nd4 Bg5 23. Nc6 Qg1+ { White resigns } 0-1

[Event "ICC tourney 2532 (25 5)"]
[Site "Internet Chess Club"]
[Date "2021.04.25"]
[Round "8"]
[White "HELLER, JACK:K12-15613715"]
[Black "XAVIER MARTINEZ, HECTOR:K12-14499157"]
[Result "1-0"]
[ICCResult "Black resigns"]
[WhiteElo "1927"]
[BlackElo "1436"]
[Opening "Sicilian: Smith-Morra gambit"]
[ECO "B21"]
[NIC "SI.48"]
[Time "17:00:51"]
[PlyCount "33"]
[TimeControl "1500+5"]

1. e4 c5 2. d4 cxd4 3. c3 dxc3 4. Nxc3 Nf6 5. Nf3 Nc6 6. Bc4 e6 7. O-O Bc5
8. Qe2 O-O 9. Bg5 h6 10. Bh4 Be7 11. Rfd1 b6 12. Rac1 Bb7 13. a3 Rc8 14.
Ba2 Na5 15. Ne5 Nc6 16. Bxf6 Nxe5 17. Bxe5 { Black resigns } 1-0

[Event "ICC tourney 2532 (25 5)"]
[Site "Internet Chess Club"]
[Date "2021.04.25"]
[Round "8"]
[White "C FOX, NOLAN:K12-30126081"]
[Black "BRAWER, CHLOE:K12-15017115"]
[Result "0-1"]
[ICCResult "White checkmated"]
[WhiteElo "318"]
[BlackElo "785"]
[Opening "Two knights defense"]
[ECO "C55"]
[NIC "IG.01"]
[Time "17:01:59"]
[PlyCount "128"]
[TimeControl "1500+5"]

1. e4 e5 2. Nf3 Nc6 3. Bc4 Nf6 4. O-O Be7 5. d3 O-O 6. Bg5 d6 7. Nc3 Be6 8.
Bxe6 fxe6 9. Bxf6 Rxf6 10. Qd2 Rg6 11. Rad1 Nd4 12. Nxd4 exd4 13. Nb5 Bg5
14. Qe1 e5 15. f4 exf4 16. Nxd4 Bh4 17. Qe2 Qf6 18. c3 c5 19. Nb5 Re8 20.
Nc7 Re7 21. Nd5 Qe6 22. Nxe7+ Qxe7 23. Rxf4 Qg5 24. Rg4 Qxg4 25. Qxg4 Rxg4
26. Rf1 h6 27. h3 Rg6 28. Rf4 Bg5 29. Rg4 Be3+ 30. Kh2 Rxg4 31. hxg4 Bf4+
32. Kh3 g5 33. d4 cxd4 34. cxd4 Kf7 35. g3 Be3 36. d5 Bd4 37. Kg2 Bxb2 38.
Kf1 Kf6 39. Kf2 Ke5 40. Kf3 Bd4 41. Ke2 b5 42. Kd2 a5 43. Kc2 b4 44. Kb3
Kxe4 45. Ka4 Kxd5 46. Kxa5 Bc3 47. Ka4 Kc4 48. Ka5 b3+ 49. Ka6 bxa2 50. Kb6
a1=Q 51. Kb7 Qb2+ 52. Kc7 Qg2 53. Kxd6 Qxg3+ 54. Ke6 Qxg4+ 55. Kf7 Qh5+ 56.
Kg8 Qh1 57. Kh7 g4 58. Kg6 g3 59. Kf5 g2 60. Ke4 g1=Q+ 61. Kf4 Qh4+ 62. Kf3
Qgg3+ 63. Ke2 Qhh2+ 64. Kd1 Qgg1# { White checkmated } 0-1

[Event "ICC tourney 2532 (25 5)"]
[Site "Internet Chess Club"]
[Date "2021.04.25"]
[Round "8"]
[White "NAIR, ADVAIT:K12-15900267"]
[Black "BABLANI, ARNAV:K12-16018565"]
[Result "1-0"]
[ICCResult "Black checkmated"]
[WhiteElo "1749"]
[BlackElo "1078"]
[Opening "Scotch: Potter variation"]
[ECO "C45"]
[NIC "SO.05"]
[Time "17:01:34"]
[PlyCount "53"]
[TimeControl "1500+5"]

1. e4 e5 2. Nf3 Nc6 3. d4 exd4 4. Nxd4 Bc5 5. Nb3 Bb6 6. Qe2 Nge7 7. Be3
Bxe3 8. Qxe3 O-O 9. Nc3 d6 10. O-O-O Be6 11. f3 Qd7 12. g4 a5 13. h4 a4 14.
Nd4 Nxd4 15. Rxd4 c5 16. Rd1 b5 17. Bxb5 Qb7 18. h5 a3 19. b3 d5 20. exd5
Nxd5 21. Nxd5 Bxd5 22. h6 Qxb5 23. hxg7 Rfe8 24. Qh6 f5 25. Qxh7+ Kf7 26.
g8=Q+ Kf6 27. Qhg7# { Black checkmated } 1-0

[Event "ICC tourney 2532 (25 5)"]
[Site "Internet Chess Club"]
[Date "2021.04.25"]
[Round "8"]
[White "BYUNGHYUN KIM, BRIAN:K12-17019768"]
[Black "RAJA, ABHINAV:K12-16290326"]
[Result "1-0"]
[ICCResult "Black checkmated"]
[WhiteElo "1691"]
[BlackElo "1253"]
[Opening "Sicilian: Alapin's variation (2.c3)"]
[ECO "B22"]
[NIC "SI.46"]
[Time "17:00:51"]
[PlyCount "37"]
[TimeControl "1500+5"]

1. e4 c5 2. c3 d5 3. exd5 Qxd5 4. d4 Nc6 5. Nf3 Bg4 6. Be2 O-O-O 7. O-O
cxd4 8. Nxd4 Bxe2 9. Qxe2 Nxd4 10. cxd4 Qxd4 11. Be3 Qd3 12. Rc1+ Kb8 13.
Qg4 e5 14. Nc3 Qg6 15. Qa4 a6 16. Qa5 Qf6 17. Nb5 Qe7 18. Qb6 axb5 19. Qa7#
{ Black checkmated } 1-0

[Event "ICC tourney 2532 (25 5)"]
[Site "Internet Chess Club"]
[Date "2021.04.25"]
[Round "8"]
[White "PEREZ, DAVID:K12-15942207"]
[Black "M KOPP, PATRICK:K12-16363146"]
[Result "1-0"]
[ICCResult "Black resigns"]
[WhiteElo "834"]
[BlackElo "967"]
[Opening "King's pawn opening"]
[ECO "B07"]
[NIC "VO.17"]
[Time "17:01:00"]
[PlyCount "47"]
[TimeControl "1500+5"]

1. e4 d6 2. Nc3 Nf6 3. Bc4 g6 4. h3 Bg7 5. d3 O-O 6. Nf3 e5 7. Bg5 Nbd7 8.
Qd2 c5 9. Bh6 Qe7 10. Bxg7 Kxg7 11. O-O-O Nh5 12. Nd5 Qd8 13. h4 Nb6 14. g4
Nf4 15. Nxb6 Qxb6 16. Ng5 Bxg4 17. f3 Bc8 18. Rdg1 f5 19. exf5 Bxf5 20. h5
Nxh5 21. Rxh5 gxh5 22. Ne6+ Kf7 23. Nc7+ Ke7 24. Nd5+ { Black resigns } 1-0

[Event "ICC tourney 2532 (25 5)"]
[Site "Internet Chess Club"]
[Date "2021.04.25"]
[Round "8"]
[White "MISYUTIN, VICTOR:K12-17330043"]
[Black "ARMIN DONG, CONNOR:K12-14608563"]
[Result "0-1"]
[ICCResult "White checkmated"]
[WhiteElo "917"]
[BlackElo "1676"]
[Opening "Queen's pawn: Charlick (Englund) gambit"]
[ECO "A40"]
[NIC "QO.17"]
[Time "17:01:54"]
[PlyCount "22"]
[TimeControl "1500+5"]

1. d4 e5 2. dxe5 Nc6 3. Bf4 Qe7 4. Nf3 Qb4+ 5. Bd2 Qxb2 6. Nc3 Nb4 7. Nd4
Bc5 8. Rb1 Qa3 9. Ndb5 Qa5 10. a3 Qb6 11. axb4 Bxf2# { White checkmated }
0-1

[Event "ICC tourney 2532 (25 5)"]
[Site "Internet Chess Club"]
[Date "2021.04.25"]
[Round "8"]
[White "BANSAL, ADVAY:K12-16068511"]
[Black "WANG, JUSTIN:K12-14930904"]
[Result "0-1"]
[ICCResult "White resigns"]
[WhiteElo "1974"]
[BlackElo "2540"]
[Opening "Scotch: Potter variation"]
[ECO "C45"]
[NIC "SO.05"]
[Time "17:00:24"]
[PlyCount "54"]
[TimeControl "1500+5"]

1. e4 e5 2. Nf3 Nc6 3. d4 exd4 4. Nxd4 Bc5 5. Nb3 Bb6 6. Nc3 Nf6 7. Bg5 h6
8. Bh4 d6 9. Be2 Be6 10. O-O g5 11. Bg3 h5 12. h3 Ne5 13. Nd5 Nxe4 14. Nxb6
axb6 15. Bxe5 dxe5 16. Bxh5 Qxd1 17. Bxd1 Nd6 18. Be2 Ke7 19. Rfd1 f5 20.
g4 Rxh3 21. Kg2 fxg4 22. Nd2 Rah8 23. Nf1 Bd7 24. f3 Bc6 25. Nd2 Rh2+ 26.
Kf1 Nf5 27. Nc4 Rh1+ { White resigns } 0-1

[Event "ICC tourney 2532 (25 5)"]
[Site "Internet Chess Club"]
[Date "2021.04.25"]
[Round "8"]
[White "SHAH GUSTAFSSON, LINNEA:K12-16094078"]
[Black "ROOPE, JAYLEN:K12-16442587"]
[Result "0-1"]
[ICCResult "White resigns"]
[WhiteElo "1041"]
[BlackElo "1514"]
[Opening "French: Tarrasch, open variation"]
[ECO "C07"]
[NIC "FR.18"]
[Time "17:01:00"]
[PlyCount "82"]
[TimeControl "1500+5"]

1. e4 e6 2. d4 d5 3. Nd2 c5 4. c3 Qb6 5. Ndf3 dxe4 6. Ng5 Nf6 7. Qc2 Nc6 8.
Nxe4 Nxe4 9. Qxe4 cxd4 10. cxd4 Qxd4 11. Qxd4 Nxd4 12. Bd3 Bb4+ 13. Bd2
Bxd2+ 14. Kxd2 Bd7 15. Ne2 Nxe2 16. Kxe2 O-O 17. Rac1 Rac8 18. Rhe1 a6 19.
Kf1 Rc6 20. Be4 Rb6 21. b3 Bb5+ 22. Kg1 Bc6 23. Bd3 Rd8 24. Red1 g6 25. Bc4
Rxd1+ 26. Rxd1 Bb5 27. Bxb5 Rxb5 28. Rd6 Rd5 29. Rxd5 exd5 30. Kf1 f5 31.
Ke2 Kf7 32. Kd3 Ke6 33. f4 h6 34. h4 a5 35. Kd4 Kd6 36. a4 b6 37. g3 h5 38.
Kd3 Kc5 39. Kc3 d4+ 40. Kd3 Kb4 41. Kxd4 Kxb3 { White resigns } 0-1

[Event "ICC tourney 2532 (25 5)"]
[Site "Internet Chess Club"]
[Date "2021.04.25"]
[Round "8"]
[White "WANG, RICHARD:K12-16267445"]
[Black "GALVEZ, ELIAN:K12-16711723"]
[Result "1-0"]
[ICCResult "Black checkmated"]
[WhiteElo "1178"]
[BlackElo "481"]
[Opening "Queen's gambit declined"]
[ECO "D30"]
[NIC "QP.08"]
[Time "17:01:39"]
[PlyCount "99"]
[TimeControl "1500+5"]

1. d4 d5 2. c4 e6 3. cxd5 Qxd5 4. Nc3 Bb4 5. Bd2 Qd8 6. e4 c6 7. Nf3 Bxc3
8. Bxc3 f5 9. exf5 Nf6 10. fxe6 Qd5 11. Bd3 O-O 12. O-O Qxe6 13. b3 Ne4 14.
Bc4 Nxc3 15. Bxe6+ Bxe6 16. Qc2 Bd5 17. Qxc3 Nd7 18. Qd3 Rae8 19. Ng5 Nf6
20. f3 h6 21. Ne4 Nxe4 22. fxe4 Rxf1+ 23. Rxf1 Rxe4 24. Qg3 Kh7 25. Qd3 Kg8
26. a4 Rg4 27. Rf2 a5 28. h3 Re4 29. Qd2 Bxb3 30. Qxa5 Rxd4 31. Qb6 Rd1+
32. Kh2 Be6 33. Qxb7 Rd8 34. Qxc6 Bb3 35. a5 Bd5 36. Qc7 Ra8 37. Rd2 Bb3
38. Qb6 Ba4 39. a6 Re8 40. a7 Kh8 41. Qb8 Kh7 42. Qxe8 Bxe8 43. a8=Q Bg6
44. Rd7 Bf5 45. Re7 Bxh3 46. gxh3 h5 47. Qe4+ Kh6 48. Qg2 h4 49. Qxg7+ Kh5
50. Re5# { Black checkmated } 1-0

[Event "ICC tourney 2532 (25 5)"]
[Site "Internet Chess Club"]
[Date "2021.04.25"]
[Round "8"]
[White "METWALLY, ISMAEL:K12-14849072"]
[Black "SG NATHAN, NITISH:K12-15494283"]
[Result "0-1"]
[ICCResult "White resigns"]
[WhiteElo "786"]
[BlackElo "1941"]
[Opening "Sicilian: Alapin's variation (2.c3)"]
[ECO "B22"]
[NIC "SI.47"]
[Time "17:00:22"]
[PlyCount "112"]
[TimeControl "1500+5"]

1. e4 c5 2. c3 Nf6 3. e5 Nd5 4. d4 cxd4 5. cxd4 e6 6. Bc4 Nb6 7. Bd3 d6 8.
Nf3 Nc6 9. O-O h6 10. Nc3 Be7 11. a3 O-O 12. Re1 dxe5 13. dxe5 Nd5 14. Nxd5
Qxd5 15. Bc2 Rd8 16. Bb3 Qxd1 17. Rxd1 Rxd1+ 18. Bxd1 b6 19. Be3 Bb7 20.
Rc1 Rd8 21. Ba4 Bf8 22. h3 Ne7 23. Rc7 Bxf3 24. gxf3 Nd5 25. Rxa7 Nxe3 26.
fxe3 Bc5 27. Kg2 Bxe3 28. Kg3 b5 29. Bxb5 Bxa7 30. b3 Bc5 31. a4 Bd4 32.
Kf4 Rc8 33. Bc4 Bc3 34. Ke4 g5 35. f4 gxf4 36. Kxf4 Rc5 37. Kf3 Bxe5 38.
Ke4 Bc3 39. Kd3 Bb4 40. Ke4 f5+ 41. Kf4 Kf7 42. h4 Kf6 43. h5 e5+ 44. Kg3
e4 45. Kf4 Bd2+ 46. Kg3 f4+ 47. Kf2 Ke5 48. Ke2 Bb4 49. Kf2 Kd4 50. Ke2
Rxh5 51. Bf7 Rh2+ 52. Kf1 e3 53. Bh5 Kd3 54. Be2+ Rxe2 55. Kg1 Rf2 56. Kh1
e2 { White resigns } 0-1

[Event "ICC tourney 2532 (25 5)"]
[Site "Internet Chess Club"]
[Date "2021.04.25"]
[Round "8"]
[White "JOZLYN DIXIE, SOLEIL:K12-15083804"]
[Black "IYER, AYUSH:K12-15543394"]
[Result "0-1"]
[ICCResult "White checkmated"]
[WhiteElo "750"]
[BlackElo "1369"]
[Opening "Queen's pawn game, Chigorin variation"]
[ECO "D02"]
[NIC "QP.08"]
[Time "17:01:22"]
[PlyCount "80"]
[TimeControl "1500+5"]

1. d4 d5 2. Nf3 Nc6 3. Bf4 Bf5 4. Nc3 Nf6 5. e3 a6 6. Nh4 Bg6 7. Qf3 e6 8.
Bd3 Bd6 9. Nxg6 fxg6 10. e4 dxe4 11. Nxe4 Nxd4 12. Qe3 Bxf4 13. Qxf4 O-O
14. O-O Nxe4 15. Qxe4 Qf6 16. h3 c6 17. c3 Nb5 18. Bc4 Rae8 19. a4 Nd6 20.
Qd3 Nxc4 21. Qxc4 Kh8 22. Qb4 Rf7 23. Rad1 Ref8 24. c4 Qf5 25. b3 a5 26.
Qc3 b6 27. c5 Qxc5 28. Qd2 h6 29. Rc1 Qd5 30. Qe3 c5 31. f3 Qd4 32. Rce1 e5
33. h4 Rf4 34. g3 Rxf3 35. Rxf3 Rxf3 36. Kg2 Rxe3 37. Rxe3 Qxe3 38. Kh3 Qg1
39. Kg4 Qf1 40. b4 Qf5# { White checkmated } 0-1

[Event "ICC tourney 2532 (25 5)"]
[Site "Internet Chess Club"]
[Date "2021.04.25"]
[Round "8"]
[White "LU, MAXIMILLIAN:K12-14732597"]
[Black "MILLER COY, MATTHEW:K12-14688435"]
[Result "1-0"]
[ICCResult "Black resigns"]
[WhiteElo "2430"]
[BlackElo "1954"]
[Opening "English: Sicilian reversed"]
[ECO "A25"]
[NIC "EO.20"]
[Time "17:00:28"]
[PlyCount "87"]
[TimeControl "1500+5"]

1. c4 e5 2. Nc3 Nc6 3. g3 f5 4. Bg2 Nf6 5. d3 Bb4 6. Bd2 O-O 7. e3 d6 8.
Nge2 Qe8 9. Nd5 Bxd2+ 10. Qxd2 Ne7 11. Nxc7 Qd8 12. Nxa8 e4 13. dxe4 fxe4
14. Rd1 Bg4 15. Qxd6 Qxd6 16. Rxd6 Rxa8 17. h3 Bh5 18. g4 Bf7 19. g5 Ne8
20. Rd7 Nc6 21. Bxe4 Bxc4 22. Rxb7 Ne5 23. Re7 Nd3+ 24. Bxd3 Bxd3 25. Nf4
Bf5 26. Ke2 Kf8 27. Re5 g6 28. Rd1 Rc8 29. e4 Rc2+ 30. Rd2 Rxd2+ 31. Kxd2
Bc8 32. Rc5 Bd7 33. Ra5 Nd6 34. Rxa7 Ke8 35. Kd3 Ke7 36. Nd5+ Ke6 37. b3
Nc8 38. Rc7 Kd6 39. Kd4 Bxh3 40. e5+ Ke6 41. Nf4+ Kf5 42. Nxh3 Nb6 43. f3
Na8 44. Rc6 { Black resigns } 1-0

[Event "ICC tourney 2532 (25 5)"]
[Site "Internet Chess Club"]
[Date "2021.04.25"]
[Round "8"]
[White "PIPER, DARIUS:K12-17113332"]
[Black "MICHAEL RODRIGUEZ, BRADLEY:K12-14653376"]
[Result "0-1"]
[ICCResult "White checkmated"]
[WhiteElo "1018"]
[BlackElo "1609"]
[Opening "Sicilian: dragon variation"]
[ECO "B70"]
[NIC "SI.15"]
[Time "17:00:26"]
[PlyCount "124"]
[TimeControl "1500+5"]

1. e4 c5 2. Nf3 d6 3. d4 cxd4 4. Nxd4 Nf6 5. Nc3 g6 6. Bc4 Bg7 7. Be3 O-O
8. O-O Nc6 9. Nf3 Bd7 10. h3 Rc8 11. Re1 a6 12. Bb3 Na5 13. Qd3 Nxb3 14.
axb3 Bc6 15. Bg5 Nd7 16. Be3 Nc5 17. Bxc5 dxc5 18. Rad1 b5 19. Qxd8 Rcxd8
20. e5 b4 21. Na2 Rxd1 22. Rxd1 Bxf3 23. gxf3 Bxe5 24. Re1 Bd6 25. c3 a5
26. cxb4 axb4 27. Nc1 Ra8 28. Nd3 Kg7 29. Re2 Ra1+ 30. Kg2 Rd1 31. Ne1 Kf6
32. Nc2 Bf4 33. Ne3 Bxe3 34. fxe3 Rd3 35. Rc2 Rxe3 36. Rxc5 Rxb3 37. Rc2
Kf5 38. Kg3 Kg5 39. Rc5+ Kf6 40. Rc2 e5 41. Rc6+ Kg5 42. Rc2 f5 43. Rg2 Kf6
44. Rf2 e4 45. Kg2 exf3+ 46. Rxf3 Rxf3 47. Kxf3 Ke5 48. Ke3 f4+ 49. Kf3 g5
50. Kg4 Ke4 51. Kxg5 f3 52. Kh6 f2 53. Kxh7 f1=Q 54. h4 Qh3 55. h5 Qxh5+
56. Kg7 Qe5+ 57. Kg6 Kf4 58. b3 Qf5+ 59. Kh6 Qg5+ 60. Kh7 Kf5 61. Kh8 Kf6
62. Kh7 Qg7# { White checkmated } 0-1

[Event "ICC tourney 2532 (25 5)"]
[Site "Internet Chess Club"]
[Date "2021.04.25"]
[Round "8"]
[White "K SANFORD, HARRISON:K12-14321340"]
[Black "NATHAN, KAPIL:K12-15120535"]
[Result "1/2-1/2"]
[ICCResult "Game drawn by repetition"]
[WhiteElo "2005"]
[BlackElo "1394"]
[Opening "French: Tarrasch, open variation"]
[ECO "C07"]
[NIC "FR.19"]
[Time "17:00:27"]
[PlyCount "59"]
[TimeControl "1500+5"]

1. e4 e6 2. d4 d5 3. Nd2 c5 4. exd5 Qxd5 5. Ngf3 cxd4 6. Bc4 Qd6 7. O-O Nf6
8. Nb3 Nc6 9. Nbxd4 Nxd4 10. Qxd4 Qxd4 11. Nxd4 a6 12. Bf4 b5 13. Be2 Bb7
14. Rad1 Be7 15. Bf3 Bxf3 16. Nxf3 O-O 17. Bd6 Bxd6 18. Rxd6 Rfd8 19. Rfd1
Rxd6 20. Rxd6 Kf8 21. Ne5 Ke7 22. Rb6 Nd5 23. Rb7+ Kd6 24. Nf3 Nc7 25. Nd4
e5 26. Rb6+ Kd5 27. Rb7 Kd6 28. Rb6+ Kd5 29. Rb7 Kd6 30. Rb6+ { Game drawn
by repetition } 1/2-1/2

[Event "ICC tourney 2532 (25 5)"]
[Site "Internet Chess Club"]
[Date "2021.04.25"]
[Round "8"]
[White "WANG, LUKE:K12-14250470"]
[Black "EL MOSELHY, ALI:K12-14881746"]
[Result "1-0"]
[ICCResult "Black checkmated"]
[WhiteElo "2016"]
[BlackElo "1394"]
[Opening "English opening"]
[ECO "A20"]
[NIC "EO.24"]
[Time "17:01:00"]
[PlyCount "81"]
[TimeControl "1500+5"]

1. c4 e5 2. g3 Nf6 3. Bg2 Nc6 4. Nf3 d6 5. Nc3 Be7 6. O-O O-O 7. d3 h6 8.
Rb1 Be6 9. b4 Qd7 10. b5 Nd4 11. Nxd4 exd4 12. Ne4 Bh3 13. Nxf6+ Bxf6 14.
Bb2 Bxg2 15. Kxg2 Qg4 16. e3 Qg6 17. exd4 h5 18. Qf3 h4 19. Rfe1 Qh6 20. h3
Rfe8 21. Rbd1 Kh8 22. Qxb7 hxg3 23. fxg3 Qg6 24. Qc6 Rec8 25. Qe4 Qg5 26.
Bc1 Qh5 27. Bf4 Re8 28. Qf3 Qg6 29. Qc6 Rec8 30. Qe4 Qh5 31. Qf3 Qg6 32.
Re4 Re8 33. Rde1 Red8 34. Bd2 Bg5 35. Bxg5 Qxg5 36. Rg4 Qd2+ 37. Re2 Qc1
38. Qxf7 g5 39. Qf6+ Kh7 40. Re7+ Kg8 41. Qg7# { Black checkmated } 1-0

[Event "ICC tourney 2532 (25 5)"]
[Site "Internet Chess Club"]
[Date "2021.04.25"]
[Round "8"]
[White "OSKIPER, CONSTANTINE:K12-14338863"]
[Black "WERNER CHASIN, NICO:K12-14955471"]
[Result "1-0"]
[ICCResult "Black resigns"]
[WhiteElo "1909"]
[BlackElo "2392"]
[Opening "Benkö gambit"]
[ECO "A57"]
[NIC "BI.46"]
[Time "17:00:23"]
[PlyCount "87"]
[TimeControl "1500+5"]

1. d4 Nf6 2. c4 c5 3. d5 b5 4. Nf3 g6 5. g3 Bg7 6. Bg2 O-O 7. O-O d6 8.
cxb5 a6 9. bxa6 Bxa6 10. Nc3 Nbd7 11. Rb1 Qa5 12. Bd2 Rfb8 13. Qc2 Nb6 14.
b3 Qa3 15. Ng5 h6 16. Nh3 Qb4 17. Nf4 g5 18. Nd3 Qg4 19. h3 Qh5 20. g4 Qg6
21. a4 h5 22. gxh5 Qxh5 23. e4 Bc8 24. Qd1 Qh4 25. Qf3 c4 26. Nb4 cxb3 27.
Nc6 Nc4 28. Be1 Rb7 29. Qd3 Na3 30. f4 Qh6 31. fxg5 Qxg5 32. Rb2 Nh5 33.
Qf3 Bf6 34. e5 dxe5 35. Ne4 Qg6 36. Rxb3 Rxb3 37. Qxb3 Nf4 38. Rxf4 exf4
39. Qxa3 Bf5 40. Nxf6+ Qxf6 41. Nxe7+ Kh7 42. Nxf5 Qxf5 43. Bf2 Rg8 44. Qf3
{ Black resigns } 1-0

[Event "ICC tourney 2532 (25 5)"]
[Site "Internet Chess Club"]
[Date "2021.04.25"]
[Round "8"]
[White "K ENG, ANDREW:K12-14538963"]
[Black "BHOWMIK, AKASH:K12-14722632"]
[Result "1-0"]
[ICCResult "Black checkmated"]
[WhiteElo "1106"]
[BlackElo "1736"]
[Opening "Vienna gambit"]
[ECO "C29"]
[NIC "VG.04"]
[Time "17:01:34"]
[PlyCount "51"]
[TimeControl "1500+5"]

1. e4 e5 2. Nc3 Nf6 3. f4 d6 4. fxe5 dxe5 5. Nf3 Bg4 6. h3 Bh5 7. g4 Bg6 8.
Nxe5 Nxe4 9. Nxg6 Nxc3 10. bxc3 hxg6 11. Bg2 Qh4+ 12. Kf1 c6 13. Qe2+ Be7
14. Ba3 Qf6+ 15. Kg1 Kf8 16. Rf1 Qg5 17. Qe6 Kg8 18. Qxf7+ Kh7 19. Bxe7
Qxd2 20. Bf6 Qe3+ 21. Rf2 Rg8 22. h4 Na6 23. h5 Qc1+ 24. Bf1 g5 25. Qg6+
Kh8 26. Qh6# { Black checkmated } 1-0

[Event "ICC tourney 2532 (25 5)"]
[Site "Internet Chess Club"]
[Date "2021.04.25"]
[Round "8"]
[White "OMAR NAVARRETE, JONATHAN:K12-30101198"]
[Black "GUPTA, ESHAN:K12-16099390"]
[Result "1/2-1/2"]
[ICCResult "White stalemated"]
[WhiteElo "1062"]
[BlackElo "1659"]
[Opening "Scotch gambit"]
[ECO "C44"]
[NIC "SO.06"]
[Time "17:01:22"]
[PlyCount "144"]
[TimeControl "1500+5"]

1. e4 e5 2. Nf3 Nc6 3. d4 exd4 4. Bc4 Bc5 5. c3 d3 6. Qxd3 Nge7 7. Be3 Bxe3
8. Qxe3 d6 9. Nbd2 O-O 10. O-O Bg4 11. Rad1 Ng6 12. h3 Bxf3 13. Nxf3 Nce5
14. Nxe5 Nxe5 15. Be2 Qe7 16. f4 Ng6 17. Kh1 f5 18. Bd3 fxe4 19. Bxe4 Rae8
20. Rde1 Kh8 21. Rf3 d5 22. Bxg6 Qxe3 23. Rfxe3 Rxe3 24. Rxe3 hxg6 25. Re7
Rxf4 26. Rxc7 Ra4 27. a3 b6 28. Rd7 Ra5 29. Rf7 Kg8 30. Rf4 Rc5 31. Ra4 a5
32. b4 Rxc3 33. bxa5 bxa5 34. Rxa5 d4 35. Kg1 d3 36. Kf2 Rc2+ 37. Ke1 Rxg2
38. Rd5 Rg3 39. Kd2 Rxh3 40. Rxd3 Rh5 41. Rg3 Ra5 42. Kc2 g5 43. Kb3 Kf7
44. a4 Ke6 45. Kb4 Rf5 46. a5 Kd6 47. a6 Kc7 48. a7 Kb7 49. Ra3 Rf4+ 50.
Kc5 Rf8 51. a8=Q+ Rxa8 52. Rxa8 Kxa8 53. Kd5 Kb7 54. Ke5 g6 55. Ke4 Kc6 56.
Kf3 Kd6 57. Kg4 Ke6 58. Kxg5 Kf7 59. Kg4 Kf6 60. Kf4 g5+ 61. Kg4 Kg6 62.
Kg3 Kh5 63. Kh3 g4+ 64. Kg3 Kg5 65. Kg2 Kh4 66. Kh2 g3+ 67. Kg2 Kg4 68. Kg1
Kf4 69. Kg2 Kg4 70. Kg1 Kf3 71. Kf1 g2+ 72. Kg1 Kg3 { White stalemated }
1/2-1/2

[Event "ICC tourney 2532 (25 5)"]
[Site "Internet Chess Club"]
[Date "2021.04.25"]
[Round "8"]
[White "CHA, SAMUEL:K12-30048965"]
[Black "PONNA, NIMAI:K12-15563890"]
[Result "0-1"]
[ICCResult "White checkmated"]
[WhiteElo "1323"]
[BlackElo "1535"]
[Opening "Evans gambit"]
[ECO "C52"]
[NIC "IG.05"]
[Time "17:01:32"]
[PlyCount "70"]
[TimeControl "1500+5"]

1. e4 e5 2. Nf3 Nc6 3. Bc4 Bc5 4. b4 Bxb4 5. c3 Ba5 6. O-O d6 7. d4 Nf6 8.
dxe5 Nxe5 9. Nxe5 dxe5 10. Qa4+ c6 11. Bg5 b5 12. Bxb5 cxb5 13. Qxb5+ Bd7
14. Qxe5+ Be6 15. Na3 h6 16. Bh4 Rc8 17. Rfd1 Qc7 18. Bxf6 gxf6 19. Qb5+
Kf8 20. Rdc1 Rg8 21. Qh5 Rg6 22. g3 Bg4 23. Qh4 Qc5 24. Nb1 Bb6 25. Rc2 Qd6
26. Nd2 Ba5 27. f3 Be6 28. f4 f5 29. e5 Qd3 30. Rac1 Bb6+ 31. Kg2 Bd5+ 32.
Kh3 Qe2 33. Rg1 Bxg1 34. Nf3 Qxc2 35. Ne1 Qxh2# { White checkmated } 0-1

[Event "ICC tourney 2532 (25 5)"]
[Site "Internet Chess Club"]
[Date "2021.04.25"]
[Round "8"]
[White "QIAN, ANDREW:K12-15377570"]
[Black "RAPARTHI, ANKIT:K12-14686010"]
[Result "0-1"]
[ICCResult "White resigns"]
[WhiteElo "1591"]
[BlackElo "2033"]
[Opening "French: Steinitz variation"]
[ECO "B12"]
[NIC "CK.02"]
[Time "17:01:38"]
[PlyCount "130"]
[TimeControl "1500+5"]

1. e4 c6 2. d4 d5 3. f3 e6 4. Nc3 Nf6 5. e5 Nfd7 6. f4 c5 7. Nf3 Nc6 8. Bb5
Be7 9. Be3 O-O 10. O-O c4 11. Qd2 a6 12. Bxc6 bxc6 13. Rf2 c5 14. Raf1 cxd4
15. Nxd4 Qc7 16. Rf3 Rb8 17. b3 Bb4 18. Bf2 Nc5 19. Qe3 Bxc3 20. Qxc3 Ne4
21. Qe3 Bd7 22. f5 exf5 23. Nxf5 Bxf5 24. Rxf5 g6 25. Rf3 Rbe8 26. Qd4 Qxe5
27. Qxe5 Rxe5 28. Bd4 Re6 29. Re3 cxb3 30. axb3 f5 31. Ra1 Rc8 32. c3 Rec6
33. Ra5 Nxc3 34. Rxc3 Rxc3 35. Bxc3 Rxc3 36. Rxa6 Rxb3 37. Rd6 Rd3 38. Kf2
Rd2+ 39. Kf3 Kg7 40. Rd7+ Kh6 41. h3 Rd3+ 42. Ke2 Rd4 43. Ke3 Re4+ 44. Kf3
d4 45. g4 Kg5 46. gxf5 gxf5 47. Rxh7 Rh4 48. Rg7+ Kf6 49. Rg3 Ke5 50. Kf2
Kf4 51. Rd3 Ke4 52. Ra3 f4 53. Rb3 Rh5 54. Ra3 Rb5 55. Ra2 Rb3 56. Kg2 f3+
57. Kf2 Rb5 58. h4 Rc5 59. Rb2 Rc4 60. h5 d3 61. h6 Rc2+ 62. Rxc2 dxc2 63.
h7 c1=Q 64. h8=Q Qd2+ 65. Kg3 Qg2+ { White resigns } 0-1

[Event "ICC tourney 2532 (25 5)"]
[Site "Internet Chess Club"]
[Date "2021.04.25"]
[Round "8"]
[White "L JENKS, TRISTAN:K12-30162920"]
[Black "CHEN, ANDREW:K12-16560451"]
[Result "1-0"]
[ICCResult "Black resigns"]
[WhiteElo "519"]
[BlackElo "827"]
[Opening "Two knights defense"]
[ECO "C57"]
[NIC "KP.01"]
[Time "17:13:26"]
[PlyCount "69"]
[TimeControl "1500+5"]

1. e4 e5 2. Bc4 Nc6 3. Nf3 Nf6 4. Ng5 Qe7 5. Nxf7 Rg8 6. Ng5 h6 7. Bxg8
Nxg8 8. d4 Qxg5 9. Bxg5 hxg5 10. Qh5+ Kd8 11. Qh8 Nce7 12. dxe5 Ke8 13. e6
dxe6 14. Nc3 Nf6 15. e5 Ng4 16. Nb5 Nd5 17. Qh5+ g6 18. Qxg4 Nb4 19. Rc1
Kd7 20. Qxg5 c6 21. Qxg6 cxb5 22. Qf7+ Be7 23. Rd1+ Nd5 24. Kd2 Kc6 25. Kc1
b4 26. Rxd5 Kxd5 27. Qxe7 Kxe5 28. Rd1 b5 29. Rd8 a5 30. Qc7+ Kf6 31. Rxc8
Ra6 32. h4 a4 33. h5 Kg5 34. Rh8 b3 35. cxb3 { Black resigns } 1-0